 Dungeon Crawl Stone Soup version 0.30.1-9-gdf580d7c3d (webtiles) character file.

Game seed: 5819811455809262300

324 lonewolfV2 the Chopper (level 6, -2/49 HPs)
             Began as a Demonspawn Fighter on Oct 23, 2023.
             Slain by an iguana (7 damage)
             ... on level 4 of the Dungeon.
             The game lasted 00:06:42 (3818 turns).

lonewolfV2 the Chopper (Demonspawn Fighter)         Turns: 3818, Time: 00:06:43

Health: -2/49      AC:  9    Str: 18    XL:     6   Next: 23%
Magic:  0/6        EV:  7    Int: 10    God:
Gold:   106        SH:  4    Dex: 12    Spells: 5/5 levels left

rFire   . . .        a - +0 war axe
rCold   . . .        c - +0 buckler
rNeg    . . .        n - +1 chain mail
rPois   .            (no helmet)
rElec   .            (no cloak)
rCorr   +            (no gloves)
SInv    .            (no boots)
Will    .....        d - amulet of guardian spirit Stlth
                     k - ring of resist corrosion
HPRegen 0.28/turn    (no ring)
MPRegen 0.10/turn

%: guardian spirit
@: no status effects
A: demonic guardian 1, weakness stinger 2
a: no special abilities


You were on level 4 of the Dungeon.
You visited 1 branch of the dungeon, and saw 4 of its levels.

You collected 106 gold pieces.

Inventory:

Hand Weapons
 a - a +0 war axe (weapon)
Armour
 c - a +0 buckler (worn)
 n - a +1 chain mail (worn)
Jewellery
 d - an amulet of guardian spirit (around neck)
 k - a ring of resist corrosion (left hand)
Scrolls
 i - a scroll of teleportation
 l - 2 scrolls of amnesia
Potions
 b - a potion of heal wounds
 e - 2 potions of flight
 f - a potion of haste {unknown}
 g - 3 potions of curing
 h - a potion of mutation {unknown}
 j - a potion of degeneration {unknown}
 m - a potion of cancellation {unknown}


   Skills:
 + Level 4.6 Fighting
 * Level 5.1 Axes
 - Level 2.6 Armour
 - Level 2.6 Shields


You had 5 spell levels left.
You didn't know any spells.
Your spell library was empty.

Dungeon Overview and Level Annotations

Branches:
Dungeon (4/15)
 Temple: D:4-7

Altars:
Ru

Shops:
D:3 *


Innate Abilities, Weirdness & Mutations

A weak demonic guardian rushes to your aid.
You have a tail ending in a sharp stinger.


Message History

Beogh smites you!
* * * LOW HITPOINT WARNING * * *
A demonic guardian appears!
You slash the orc priest!
The orc priest is severely wounded.
The orc priest hits you with a +0 whip.
* * * LOW HITPOINT WARNING * * *
You slash the orc priest!
You kill the orc priest!
The iguana bites you.
* * * LOW HITPOINT WARNING * * *
Your Axes skill increases to level 5!
You slash the iguana!
The iguana is heavily wounded.
The iguana bites you!
* * * LOW HITPOINT WARNING * * *
You swap places.
Your ufetubus closely misses the iguana.
Your ufetubus hits the iguana. The iguana barely misses your ufetubus.
Your ufetubus hits the iguana but does no damage. x2
Your ufetubus misses the iguana.
Your ufetubus closely misses the iguana.
The iguana closely misses your ufetubus.
There are monsters nearby!
The iguana bites your ufetubus.
Your ufetubus dies!
Your ufetubus disappears in a puff of smoke!
Found a stone staircase leading down.
You barely miss the iguana.
Your tail-slap misses the iguana.
The iguana is severely wounded.
The iguana bites you but does no damage.
You hit the iguana.
The iguana is almost dead.
The iguana bites you.
* * * LOW HITPOINT WARNING * * *
A demonic guardian appears!
You barely miss the iguana.
The iguana is almost dead.
The iguana bites you!
You die...

.>.#
#..#
#..#
#..#
#..#
####..#
#....5#
#.# .
#@# .#.
#l# ...
#g#
#.###o#
#^..#.#
#...#
##..##
#...#
##..#


You could see an iguana (ally target), an orc, a goblin and a friendly quasit
(summoned).

Vanquished Creatures
  Dowan (D:4)
  An orc priest (D:4)
  4 gnolls (D:2)
  4 adders
  4 dart slugs
  4 orcs
  4 ball pythons
  3 endoplasms
  2 giant cockroaches
  7 goblins
  6 hobgoblins
  6 jackals (D:2)
  2 quokkas (D:3)
  3 bats
  4 kobolds
55 creatures vanquished.

Vanquished Creatures (collateral kills)
  Duvessa (D:4)
1 creature vanquished.

Vanquished Creatures (others)
  An orc wizard (D:4)
1 creature vanquished.

Grand Total: 57 creatures vanquished

Notes
Turn   | Place    | Note
-------+----------+-------------------------------------------
     0 | D:1      | lonewolfV2 the Demonspawn Fighter began the quest for the
                  | Orb.
     0 | D:1      | Reached XP level 1. HP: 18/18 MP: 1/1
    27 | D:1      | Reached skill level 2 in Axes
   204 | D:1      | Found a faded altar of an unknown god.
   260 | D:1      | Gained mutation: You have a small tail. [demonic ancestry]
   260 | D:1      | Reached XP level 2. HP: 20/24 MP: 2/2
  1158 | D:2      | Gained mutation: You have a tail ending in a sharp stinger.
                  | [demonic ancestry]
  1158 | D:2      | Reached XP level 3. HP: 26/29 MP: 3/3
  1180 | D:2      | Reached skill level 3 in Axes
  1305 | D:2      | Identified the +0 helmet of Mutualism {Harm}
  1622 | D:2      | Gained mutation: A weak demonic guardian rushes to your
                  | aid. [demonic ancestry]
  1622 | D:2      | Reached XP level 4. HP: 9/37 MP: 4/4
  2813 | D:3      | Found Niuguipi's Assorted Antiques.
  3058 | D:3      | Reached skill level 4 in Axes
  3446 | D:4      | Reached XP level 5. HP: 42/42 MP: 5/5
  3454 | D:4      | Noticed Dowan
  3455 | D:4      | Noticed Duvessa
  3469 | D:4      | Killed Duvessa
  3489 | D:4      | Killed Dowan
  3490 | D:4      | Reached XP level 6. HP: 11/49 MP: 2/6
  3751 | D:4      | Found a sacrificial altar of Ru.
  3801 | D:4      | Reached skill level 5 in Axes
  3818 | D:4      | Slain by an iguana

Illustrated notes

Levels and vault maps discovered:
D:1:      dpeg_arrival_morbid_curiosity, layout_loops_ring,
          shapermc_ecumenical_altar_ellora, minivault_11
D:2:      layout_basic, nicolae_kite_square_tiling_tiny
D:3:      layout_loops_ring, serial_shops, nicolae_shop_real_fake_doors,
          serial_bayou_pond_c
D:4:      layout_basic, nicolae_ru_sacrificial_ziggurat,
          kennysheep_generic_room_15, uniq_duvessa

Skill      XL: |  1  2  3  4  5  6 |
---------------+-------------------+-----
Axes           | 2 3 4 5 |  5.1
Fighting       | 4 |  4.6
Armour         | |  2.6
Shields        | |  2.6

Action                     |  1- 3 |  4- 6 || total
---------------------------+-------+-------++-------
  Melee: War axe           |    99 |    98 ||   197
         Tailslap          |     9 |     4 ||    13
    Use: Scroll            |     6 |     4 ||    10
         Potion            |     1 |       ||     1
 Armour: Scale mail        |    20 |       ||    20
         Chain mail        |    33 |    53 ||    86
  Dodge: Dodged            |    53 |    33 ||    86
  Block: Buckler           |    25 |    12 ||    37
